 Dungeon Crawl Stone Soup version 0.27-a0-409-gd57800a693 (webtiles) character file.

Game seed: 1093444742725849305

15902 Ankhboy the Slicer (level 12, 0/82 HPs)
             Began as a Halfling Hunter on Feb 20, 2021.
             Was an Elder of Yredelemnul.
             Splashed by an acid dragon's acid (16 damage)
             ... on level 11 of the Dungeon on Feb 23, 2021.
             The game lasted 05:10:53 (13415 turns).

Ankhboy the Slicer (Halfling Hunter)               Turns: 13415, Time: 05:10:56

Health: 0/82       AC:  1    Str: 13    XL:     12   Next: 63%
Magic:  13/13      EV: 19    Int:  9    God:    Yredelemnul [****..]
Gold:   246        SH:  0    Dex: 20    Spells: 12/13 levels left

rFire    + . .     SeeInvis .   v - +4 rapier
rCold    . . .     Faith    .   (shield restricted)
rNeg     . . .     Spirit   .   S - +0 ring mail of Shielding {Regen+}
rPois    .         Reflect  .   i - +2 helmet
rElec    .         Harm     .   (no cloak)
rCorr    .         Rampage  .   Y - +2 pair of gloves
Will     .....                  (no boots)
Stlth    ++........             y - amulet of magic regeneration
HPRegen  1.23/turn              G - ring of protection from fire
MPRegen  0.38/turn              n - ring of wizardry

@: about to teleport, corroded
A: small, mutation resistance 1
a: Renounce Religion, Recall Undead Slaves, Injury Mirror, Animate Dead, Drain
Life


You were on level 11 of the Dungeon.
You worshipped Yredelemnul.
Yredelemnul was greatly pleased with you.
You visited 3 branches of the dungeon, and saw 14 of its levels.
You also visited: Ossuary.

You collected 701 gold pieces.
You spent 455 gold pieces at shops.

Inventory:

Hand Weapons
 a - a +1 hand crossbow
 b - a +0 short sword
 g - a +0 quarterstaff of draining
 v - a +4 rapier (weapon)
 x - a +1 hunting sling of freezing
 Q - a +1 mace of venom
 R - the +5 hand crossbow "Woabuhew" {penet, Int-4 Dex+7}
   (You bought it in a shop on level 8 of the Dungeon)

   Ammo fired by it passes through the targets it hits, potentially hitting all
   targets in its path until it reaches maximum range.
   It affects your intelligence (-4).
   It affects your dexterity (+7).
Missiles
 d - 45 bolts
 f - 49 sling bullets
 l - 335 stones (quivered)
 A - 37 poisoned darts
 F - 2 boomerangs
 J - 5 curare-tipped darts
 O - a throwing net
 P - 8 atropa-tipped darts
Armour
 c - a +1 leather armour
 i - a +2 helmet (worn)
 s - a +1 chain mail of cold resistance
 S - the +0 ring mail of Shielding (worn) {Regen+}
   (You bought it in a shop on level 8 of the Dungeon)

   It increases your rate of regeneration.
 Y - a +2 pair of gloves (worn)
Jewellery
 n - a ring of wizardry (right hand)
 p - a ring of wizardry
 y - an amulet of magic regeneration (around neck)
 G - a ring of protection from fire (left hand)
 N - a ring of see invisible
Wands
 q - a wand of digging (8)
 E - a wand of flame (13)
 T - a wand of paralysis (8)
 V - a wand of mindburst (20)
 X - a wand of acid (6)
Scrolls
 j - 2 scrolls of enchant armour
 m - 2 scrolls of fog {unknown}
 r - 3 scrolls of amnesia
 t - a scroll of noise {unknown}
 u - a scroll of torment {unknown}
 z - 2 scrolls of identify
 C - 4 scrolls of magic mapping
 D - 2 scrolls of fear {unknown}
 K - a scroll of vulnerability {unknown}
Potions
 e - 2 potions of flight {unknown}
 h - 2 potions of mutation {unknown}
 o - 4 potions of attraction {unknown}
 w - a potion of magic {unknown}
 B - a potion of resistance {unknown}
 H - a potion of cancellation {unknown}
 I - a potion of ambrosia {unknown}
 L - a potion of curing
 M - 2 potions of brilliance
 W - 2 potions of lignification {unknown}


   Skills:
 + Level 8.1 Fighting
 + Level 11.7 Short Blades
 + Level 10.4 Crossbows
 + Level 4.3 Throwing
 + Level 7.4 Armour
 + Level 8.0 Dodging
 + Level 4.1 Stealth
 + Level 1.0 Spellcasting
 + Level 1.1 Conjurations
 + Level 1.6 Fire Magic
 + Level 2.0 Invocations


You had 12 spell levels left.
You knew the following spells:

 Your Spells              Type           Power        Failure   Level
a - Foxfire               Conj/Fire      8%           16%         1

Your spell library contained the following spells:

 Spells                   Type           Power        Failure   Level
 Magic Dart               Conj           8%           17%         1
 Corona                   Hex            0%           26%         1
 Summon Small Mammal      Summ           0%           26%         1
 Blink                    Tloc           N/A          38%         2
 Call Imp                 Summ           0%           38%         2
 Slow                     Hex            0%           38%         2
 Conjure Flame            Conj/Fire      2%           43%         3
 Inner Flame              Hex/Fire       1%           50%         3
 Mephitic Cloud           Conj/Pois/Air  1%           56%         3
 Call Canine Familiar     Summ           0%           61%         3
 Portal Projectile        Hex/Tloc       0%           61%         3
 Summon Guardian Golem    Hex/Summ       0%           61%         3
 Sticky Flame             Conj/Fire      2%           82%         4
 Cause Fear               Hex            0%           93%         4
 Leda's Liquefaction      Hex/Erth       0%           93%         4
 Summon Ice Beast         Ice/Summ       0%           93%         4
 Summon Lightning Spire   Summ/Air       0%           93%         4
 Fireball                 Conj/Fire      1%           98%         5


Dungeon Overview and Level Annotations

Branches:
Dungeon (12/15)            Temple (1/1) D:7            Lair (1/6) D:10
Ossuary (visited)
    Orc: D:9-12

Altars:
Ashenzari
Cheibriados
Dithmenos
Elyvilon
Fedhas
Gozag
Hepliaklqana
Kikubaaqudgha
Makhleb
Nemelex Xobeh
Okawaru
Qazlal
Ru
Sif Muna
Trog
Uskayaw
Vehumet
Wu Jian
Xom
Yredelemnul
Zin
The Shining One

Shops:
D:5 ?   D:8 *

Annotations:
D:9 2 runed translucent doors, exclusion: orange crystal statue, Erolcha, Gastronok


Innate Abilities, Weirdness & Mutations

You are small and have problems with some larger weapons.
You are somewhat resistant to further mutation.


Message History

The acid dragon is almost dead.
The acid dragon bites you! The acid dragon closely misses you.
You closely miss the acid dragon.
The acid dragon is almost dead.
You barely miss the acid dragon.
The acid dragon is almost dead.
The acid dragon bites you but does no damage.
The acid dragon closely misses you.
You hit the acid dragon but do no damage.
The acid dragon is almost dead.
The acid dragon barely misses you. The acid dragon misses you.
You closely miss the acid dragon.
The acid dragon is almost dead.
You barely miss the acid dragon.
The acid dragon is almost dead.
The acid dragon closely misses you. The acid dragon claws you.
You hit the acid dragon but do no damage.
The acid dragon is almost dead.
You hit the acid dragon but do no damage.
The acid dragon is almost dead.
The acid dragon barely misses you. x2
You feel better. The orc misses you.
The acid dragon completely misses you. x2
You closely miss the acid dragon.
The acid dragon is almost dead.
The acid dragon spits acid at you. The splash of acid hits you!
You are splashed with acid!
* * * LOW HITPOINT WARNING * * *
The orc barely misses you.
You hear a shout!
As you read the scroll of teleportation, it crumbles to dust.
You feel strangely unstable. The acid dragon bites you!
* * * LOW HITPOINT WARNING * * *
The acid dragon misses you. The orc hits you but does no damage.
You feel better. The acid dragon spits acid at you.
The splash of acid hits you!
* * * LOW HITPOINT WARNING * * *
The acid corrodes you!
You are splashed with acid!
You die...
Your body rises from the dead as a mindless zombie.

## .#
########.###..
#..........#.#
#.........o?.#
#..........#
#.....D....#
#.....@o...#
#.>........#
#..........#
#..........#
######.$####
#######
###...[##
......#
#.......#
##'####
####'####
#..#!#
#.#..#.#


You could see an acid dragon (catching breath) and 2 orcs.

Vanquished Creatures
  A two-headed ogre (D:8)
  2 death yaks (D:9)
  4 unseen horrors
  A manticore (D:11)
  The ghost of TimeIsEndless the Stinger, a novice OpVM (D:5)
  2 trolls
  Grinder (D:3)
  4 slime creatures (D:11)
  A wraith (D:11)
  A vampire (D:9)
  10 yaks
  2 wyverns (D:9)
  4 water moccasins
  10 ice beasts
  3 orc warriors
  6 sky beasts
  2 black bears
  A necrophage (D:12)
  2 eyes of draining
  4 ogres
  4 centaurs
  An elf zombie (Ossuary)
  5 phantoms
  A kobold brigand (D:9)
  8 bullfrogs
  A wyvern zombie (D:12)
  A water moccasin zombie (D:10)
  A wyvern skeleton (D:10)
  8 scorpions
  3 killer bees (D:12)
  3 wights (D:9)
  2 vampire bats (D:11)
  2 bullfrog zombies
  4 centaur zombies
  2 quasits
  9 hounds
  4 orc priests
  6 jellies
  2 bullfrog skeletons
  A centaur skeleton (D:10)
  Ijyb (D:3)
  3 human zombies (Ossuary)
  An iguana (D:8)
  9 orc wizards
  9 worker ants
  2 hound zombies
  A hound skeleton (D:6)
  2 mummies (Ossuary)
  3 worker ant zombies
  A howler monkey zombie (D:8)
  7 gnolls
  17 adders
  2 shadow imps
  2 white imps
  5 oozes (D:11)
  An adder zombie (D:7)
  An adder skeleton (D:6)
  4 worms
  2 dart slugs (D:3)
  6 leopard geckos
  41 orcs
  2 ball pythons
  22 bats
  7 giant cockroaches
  8 goblins
  12 hobgoblins
  10 jackals
  4 quokkas
  4 frilled lizards
  A giant cockroach zombie (D:6)
  4 goblin zombies (Ossuary)
  13 hobgoblin zombies (Ossuary)
  A jackal skeleton (D:7)
  A jackal zombie (Ossuary)
  11 kobolds
  6 kobold zombies (Ossuary)
  8 orc zombies (Ossuary)
  A quokka zombie (D:5)
  13 rats
378 creatures vanquished.

Vanquished Creatures (collateral kills)
  3 yaks (D:11)
  A fire bat (D:11)
  An ogre (D:11)
  A vampire bat (D:11)
  2 orc priests (D:11)
  2 orc wizards (D:11)
  An ooze (D:11)
  An orc (D:11)
  2 bats (D:11)
  A foxfire (D:9)
15 creatures vanquished.

Vanquished Creatures (others)
  A wight (D:11)
  A mummy (D:11)
  An adder (D:5)
  A bullfrog zombie (D:11)
  A manticore zombie (D:11)
  4 bat zombies (D:11)
  An ogre zombie (D:11)
  10 orc zombies (D:11)
  2 yak zombies (D:11)
  26 foxfires
  A fungus (D:9)
  3 plants (D:9)
52 creatures vanquished.

Grand Total: 445 creatures vanquished

Notes
Turn   | Place    | Note
-------+----------+-------------------------------------------
     0 | D:1      | Ankhboy the Halfling Hunter began the quest for the Orb.
     0 | D:1      | Reached XP level 1. HP: 14/14 MP: 1/1
    56 | D:1      | Reached XP level 2. HP: 12/19 MP: 2/2
   238 | D:1      | Reached skill level 5 in Crossbows
   241 | D:1      | Reached XP level 3. HP: 14/24 MP: 3/3
   570 | D:2      | Reached skill level 1 in Short Blades
   668 | D:2      | Reached skill level 1 in Armour
   668 | D:2      | Reached XP level 4. HP: 20/29 MP: 4/4
  1310 | D:3      | Reached XP level 5. HP: 35/35 MP: 5/5
  1430 | D:3      | Noticed Ijyb
  1434 | D:3      | Paralysed by Ijyb for 7 turns
  1484 | D:3      | Killed Ijyb
  1767 | D:3      | Reached skill level 2 in Short Blades
  1802 | D:3      | Found a hazy altar of Hepliaklqana.
  1804 | D:3      | Found a snail-covered altar of Cheibriados.
  1804 | D:3      | Noticed Grinder
  2311 | D:3      | Reached XP level 6. HP: 30/41 MP: 6/6
  2388 | D:4      | Reached skill level 3 in Short Blades
  2528 | D:4      | Noticed an orc warrior
  3101 | D:5      | Entered Level 5 of the Dungeon
  3161 | D:5      | Reached XP level 7. HP: 46/46 MP: 7/7
  3399 | D:5      | Found a blossoming altar of Fedhas.
  3449 | D:5      | Found a burning altar of Makhleb.
  3521 | D:5      | Reached skill level 1 in Throwing
  3582 | D:5      | Found Deybb's Magic Scroll Shoppe.
  3834 | D:5      | Learned a level 1 spell: Foxfire
  3915 | D:5      | Found a runed translucent door.
  3923 | D:5      | Noticed TimeIsEndless's ghost (novice OpVM)
  4087 | D:5      | Reached skill level 4 in Short Blades
  4249 | D:5      | Reached XP level 8. HP: 36/53 MP: 8/8
  4382 | D:5      | Bought a scroll of blinking for 105 gold pieces
  4618 | D:6      | Reached skill level 5 in Short Blades
  4814 | D:6      | Reached skill level 1 in Fire Magic
  4958 | D:6      | Found a sand-covered staircase.
  4967 | Ossuary  | Entered an ossuary
  5352 | Ossuary  | Reached skill level 6 in Short Blades
  5403 | Ossuary  | Reached XP level 9. HP: 51/58 MP: 9/9
  5461 | D:6      | Learned a level 2 spell: Blink
  6161 | D:7      | Reached skill level 7 in Short Blades
  6309 | D:7      | Found a staircase to the Ecumenical Temple.
  6315 | Temple   | Entered the Ecumenical Temple
  6481 | Temple   | Became a worshipper of Yredelemnul the Dark
  7029 | D:8      | Found Xinyepn's Assorted Antiques.
  7089 | D:8      | Bought a steaming hand crossbow for 170 gold pieces
  7089 | D:8      | Bought a spiked ring mail for 180 gold pieces
  7089 | D:8      | Identified the +5 hand crossbow "Woabuhew" {penet, Int-4
                  | Dex+7} (You bought it in a shop on level 8 of the Dungeon)
  7361 | D:8      | Noticed a two-headed ogre
  7430 | D:8      | Reached * piety under Yredelemnul
  7432 | D:8      | Identified the +0 ring mail of Shielding {Regen+} (You
                  | bought it in a shop on level 8 of the Dungeon)
  7551 | D:8      | Noticed a manticore
  7810 | D:8      | Reached skill level 5 in Fighting
  7858 | D:8      | Noticed a troll
  7916 | D:7      | Found a shimmering altar of Xom.
  7960 | D:7      | Reached XP level 10. HP: 66/66 MP: 10/10
  7997 | D:7      | Upgraded the game from 0.27-a0-393-gba1aca71f1 to
                  | 0.27-a0-396-g03f4e8edb7
  8123 | D:8      | Reached skill level 8 in Short Blades
  8155 | D:8      | Reached skill level 5 in Dodging
  8464 | D:9      | Found a runed translucent door.
  8557 | D:9      | Found a runed translucent door.
  8587 | D:9      | Noticed Erolcha
  9311 | D:8      | Killed a two-headed ogre
  9312 | D:8      | Reached skill level 5 in Armour
  9325 | D:9      | Reached skill level 10 in Crossbows
  9450 | D:9      | Found a glowing golden altar of the Shining One.
  9450 | D:9      | Found an iron altar of Okawaru.
  9487 | D:9      | Reached ** piety under Yredelemnul
  9615 | D:9      | Noticed Gastronok
  9642 | D:10     | Entered Level 10 of the Dungeon
  9646 | D:10     | Noticed a death yak
  9647 | D:10     | Noticed a death yak
  9651 | D:10     | Reached skill level 9 in Short Blades
  9799 | D:10     | Reached XP level 11. HP: 65/72 MP: 11/11
  9906 | D:10     | Noticed an unseen horror
  9920 | D:10     | Killed an unseen horror
  9921 | D:10     | Reached skill level 1 in Conjurations
  9965 | D:10     | Reached skill level 1 in Spellcasting
 10016 | D:10     | Found a staircase to the Lair.
 10141 | D:9      | Found the +10 tower shield of Ignorance {rN+ Int-4}
 10146 | D:9      | Noticed an orange crystal statue
 10412 | D:9      | Upgraded the game from 0.27-a0-396-g03f4e8edb7 to
                  | 0.27-a0-404-g4390dbc5be
 10423 | D:10     | Noticed a death yak
 10580 | D:3      | Paralysed by Grinder for 7 turns
 10601 | D:3      | Killed Grinder
 10903 | D:5      | Killed TimeIsEndless's ghost
 10903 | D:5      | Reached *** piety under Yredelemnul
 11245 | D:9      | Killed a death yak
 11276 | D:9      | Killed a death yak
 11333 | D:9      | Reached skill level 10 in Short Blades
 11785 | Lair:1   | Entered Level 1 of the Lair of Beasts
 11859 | Lair:1   | Noticed a six-headed hydra
 11901 | D:11     | Noticed a two-headed ogre
 11978 | D:11     | Noticed an unseen horror
 11992 | D:11     | Killed an unseen horror
 12131 | D:11     | Reached XP level 12. HP: 65/81 MP: 13/13
 12238 | D:11     | Killed an unseen horror
 12265 | D:11     | Noticed an unseen horror
 12278 | D:11     | Killed an unseen horror
 12279 | D:11     | Reached skill level 11 in Short Blades
 12349 | D:11     | Received a gift from Yredelemnul (a wight)
 12509 | D:11     | Reached **** piety under Yredelemnul
 12655 | D:11     | Reached skill level 1 in Invocations
 12723 | D:11     | Received a gift from Yredelemnul (a mummy)
 12906 | D:12     | Upgraded the game from 0.27-a0-404-g4390dbc5be to
                  | 0.27-a0-409-gd57800a693
 13386 | D:12     | Noticed a two-headed ogre
 13415 | D:11     | Splashed by an acid dragon's acid

Illustrated notes

Levels and vault maps discovered:
D:1:      minmay_arrival_glassed_features, layout_basic
D:2:      kennysheep_six_static_rooms, layout_loops_ring, minmay_surrounded
D:3:      layout_basic, nicolae_overflow_hidden_temple, uniq_ijyb, uniq_grinder
D:4:      layout_basic
D:5:      layout_basic, lemuel_doored_altar, serial_shops, shop,
          ebering_ghost_sewer_d, fedhas_altar_2
D:6:      layout_basic, nicolae_ossuary_entry_monument
D:7:      layout_gridville, lemuel_crystal_altar, minmay_temple_entry_waves,
          minmay_checkerbox
D:8:      layout_basic, serial_shops, shop_fountains, kennysheep_pointless_box
D:9:      old_forge, layout_irregular_city, gammafunk_temple_overflow_wave,
          chequers_guarded_unrand_ignorance, uniq_gastronok, uniq_erolcha
D:10:     layout_rooms, dpeg_lair_monsters
D:11:     layout_roguey, hiddenorc2_lemuel, hangedman_parallel_progression
D:12:     layout_grid_maze
Temple:   eino_temple_rhombus
Lair:1:   layout_gridlike, nzn_random_ring, grunt_megastairs_4

Skill      XL: |  1  2  3  4  5  6  7  8  9 10 11 12 |
---------------+-------------------------------------+-----
Fighting       | 2 3 4 5 6 7 8 |  8.1
Crossbows      | 5 6 7 9 10 | 10.4
Short Blades   | 1 2 3 4 6 7 9 10 11 | 11.7
Armour         | 1 2 3 5 7 |  7.4
Throwing       | 1 2 3 4 |  4.3
Dodging        | 3 4 6 7 8 |  8.0
Stealth        | 2 3 4 |  4.1
Fire Magic     | 1 |  1.6
Conjurations   | 1 |  1.1
Spellcasting   | 1 |  1.0
Invocations    | 2 |  2.0

Action                   |  1- 3 |  4- 6 |  7- 9 | 10-12 || total
-------------------------+-------+-------+-------+-------++-------
Melee: Short sword       |    91 |    14 |       |       ||   105
       Rapier            |       |   130 |   441 |   746 ||  1317
 Fire: Hand crossbow     |    27 |    97 |   229 |   215 ||   568
Throw: Stone             |     4 |     8 |       |    26 ||    38
       Dart              |       |     6 |     6 |    33 ||    45
       Boomerang         |       |       |    16 |    10 ||    26
 Cast: Foxfire           |       |       |    13 |     6 ||    19
Invok: Animate Dead      |       |       |       |    11 ||    11
Evoke: Wand              |       |       |     1 |       ||     1
  Use: Scroll            |     1 |     4 |     8 |    17 ||    30
       Potion            |       |       |    11 |    15 ||    26
 Stab: Sleeping          |     1 |     2 |       |     3 ||     6
Armor: Leather armour    |    16 |    34 |    82 |       ||   132
       Ring mail         |       |       |    13 |   198 ||   211
Dodge: Dodged            |    78 |   103 |   289 |   499 ||   969

Table legend: (Time is in decaauts)
 A = Elapsed time spent in this place.
 B = Non-inter-level travel time spent in this place.
 C = Inter-level travel time spent in this place.
 D = Time resting spent in this place.
 E = Time spent auto-exploring this place.
 F = Levels seen in this place.
 G = Mean time per level.
                   A        B        C        D        E       F      G
               +--------+--------+--------+--------+--------+-----+--------+
         Total |  13118 |  12256 |    862 |      0 |      0 |  15 |  874.5 |
       Dungeon |  12377 |  11515 |    862 |      0 |      0 |  12 | 1031.4 |
        Temple |    182 |    182 |      0 |      0 |      0 |   1 |  182.0 |
          Lair |    100 |    100 |      0 |      0 |      0 |   1 |  100.0 |
       Ossuary |    457 |    457 |      0 |      0 |      0 |   1 |  457.0 |
               +--------+--------+--------+--------+--------+-----+--------+

Top non-repeatable levels by time:
     D:8: 1420 daAuts
     D:5: 1417 daAuts
     D:9: 1408 daAuts
     D:6: 1354 daAuts
     D:7: 1173 daAuts
     D:3: 1104 daAuts
     D:4: 1022 daAuts
     D:2: 908 daAuts
    D:10: 866 daAuts
    D:11: 766 daAuts
    D:12: 527 daAuts
 Ossuary: 457 daAuts
     D:1: 409 daAuts
  Temple: 182 daAuts
  Lair:1: 100 daAuts
